Laval Rockets vs Chicago Wolves

Created - 21 novembre 2025 at 17:36

Goals
1 2 3 T
Laval Rockets 5 2 2 9
Chicago Wolves 2 2 2 6
Shots
1 2 3 T
Laval Rockets 10 13 10 33
Chicago Wolves 11 12 11 34

GoalsPenalties
1st period
1. Laval Rockets , Yegor Sokolov 3 (Walker Duehr 6, Joseph Blandisi 7) at 7:53
2. Chicago Wolves , Jackson Cates 9 (Ben Steeves 8, David Reinbacher 2) at 9:42
3. Laval Rockets , Joakim Kemell 7 (Matt Martin 12, Colin White 11) at 9:57
4. Chicago Wolves , Mitchell Stephens 13 (Valtteri Puustinen 14) at 10:09
5. Laval Rockets , Colin White 10 (Joakim Kemell 10) at 10:50
6. Laval Rockets , Ville Koivunen 20 (Brett Berard 26, Aatu Raty 29) at 11:04
7. Laval Rockets , Joakim Kemell 8 (Colin White 12, Matt Martin 13) at 19:38
Elias Pettersson2 (WOL) for Interference (Minor) at 0:12
Sawyer Boulton (WOL) for Fighting (Major) at 8:41
Jake Wise (BUL) for Fighting (Major) at 8:41
2nd period
8. Chicago Wolves , Ryan Gagnier 5 (Ben Steeves 9) at 4:53
9. Laval Rockets , Jesse Ylonen 9 (Jake Wise 6) at 10:07
10. Chicago Wolves , Ivan Miroshnichenko 10 (Pavol Regenda 5, Seamus Casey 20) at 10:19
11. Laval Rockets , Walker Duehr 7 (Joseph Blandisi 8, Brandt Clarke 28) at 19:48
Jan Bednar (BUL) for Delaying the game (Minor) at 2:42 - Yegor Sokolov served the penalty
Ville Koivunen (BUL) for Cross-checking (Minor) at 5:18
Ville Koivunen (BUL) for Cross-checking (Minor) at 10:58
3rd period
12. Chicago Wolves , Ben Steeves 7 (David Reinbacher 3) at 0:49
13. Laval Rockets , Brett Berard 25 (Brandt Clarke 29) at 9:19 (PP)
14. Laval Rockets , Colin White 11 (Joakim Kemell 11) at 13:21
15. Chicago Wolves , Lukas Rousek 7 (Mitchell Stephens 28, Valtteri Puustinen 15) at 19:15
Elias Pettersson2 (WOL) for Hooking (Minor) at 4:36
Joe Fleming (WOL) for Slashing (Minor) at 8:50
Ville Koivunen (BUL) for Holding (Minor) at 9:44
Elias Pettersson2 (WOL) for Fighting (Major) at 15:20
Corey Schueneman (BUL) for Fighting (Major) at 15:20
Ville Koivunen (BUL) for Cross-checking (Minor) at 17:00
Goalie Stats
Jan Bednar (BUL), 28 saves from 34 shots - (0,824), W, 9-3-0, 60:00 minutes
Sebastian Cossa (WOL), 2 saves from 6 shots - (0,333), 11:04 minutes
Drew Commesso (WOL), 22 saves from 27 shots - (0,815), L, 0-3-0, 48:56 minutes
3 StarsOfficial
1 - Joakim Kemell (BUL)
2 - Colin White (BUL)
3 - Walker Duehr (BUL)
Referees : Ryan Hersey and Brian Pochmara
Linesman : Luke Galvin and Shaun Morgan
Game Note
Sawyer Boulton and Jake Wise fight to a draw at 8:41 of 1st period
9:57 of 1st period - Laval Rockets goal is going for a video replay. After video review, Goal.
Drew Commesso enters game at 11:04 of 1st period
Elias Pettersson2 and Corey Schueneman fight to a draw at 15:20 of 3rd period
Finance
Level 1 -- Attendance: 1911 (95,55%) -- Ticket Income $47,775
Level 2 -- Attendance: 938 (93,80%) -- Ticket Income $9,380
Total Attendance: 2849 (94,97%)
Total Ticket Income: $57,155
Other Income: $28,006
Total Income: $85,161



Team Name Goals Shots Shots Attemp Shots Blocked PIM HIT PP PK FO%
Laval Rockets 933601320241 / 3 (33%)046%
Chicago Wolves 634611016200 / 5 (0%)154%

Laval Rockets
Player Name POS G A P +/- PIM HIT SHT SB MP PP MP PP SHT PK MP PK SHT FO% FOT GA TA
000000000:000:0000:0000% 000
000000000:000:0000:0000% 000
000000000:000:0000:0000% 000
000000000:000:0000:0000% 000
Aatu RatyC011-1021121:092:2402:24044% 3611
Brandt ClarkeD0220021528:572:4315:3100% 011
Brett BerardLW112-1013023:082:2414:0200% 110
Calle RosenD0001011120:151:4414:1700% 000
Cole McWardD0001000010:480:0000:0700% 000
Colin WhiteC/RW2242005120:111:4005:04150% 2000
Corey SchuenemanD0001501011:340:0000:0000% 000
Derrick PouliotD0000012227:542:4305:3800% 001
Jake WiseC011050204:420:0000:00050% 200
Jesse YlonenRW101-1013012:391:4005:13050% 200
Joakim KemellRW2243025113:090:0600:0000% 001
Joseph BlandisiC/RW0221060012:560:2302:05050% 410
Matt MartinLW/RW0222030116:091:4001:0200% 000
Oliver KylingtonD0001000020:311:4404:1700% 001
Ondrej PavelC/LW/RW000002005:220:0000:0000% 000
Ville KoivunenRW101-2812019:392:4100:0000% 000
Walker DuehrRW1122013110:100:0000:0000% 010
Yegor SokolovLW/RW1011014010:460:2300:00033% 310
Chicago Wolves
Player Name POS G A P +/- PIM HIT SHT SB MP PP MP PP SHT PK MP PK SHT FO% FOT GA TA
000000000:000:0000:0000% 000
000000000:000:0000:0000% 000
000000000:000:0000:0000% 000
Ben SteevesLW1232013011:470:2000:000100% 101
Cavan FitzgeraldD000-3010119:163:5201:0600% 001
Chad NychukD000000017:220:3901:1000% 000
David ReinbacherD022200008:220:0000:0000% 000
Djibril ToureD0002010012:010:4301:5600% 000
Elias Pettersson2D000-1924322:074:4110:2910% 000
Ivan MiroshnichenkoLW101-1013015:553:2601:080100% 130
Jackson CatesC/LW101-1013218:053:3601:40050% 1200
Joe FlemingD000-120104:510:0000:1700% 000
Jordan HarrisD0000000226:506:0302:5000% 001
Lukas RousekLW/RW101-1014021:366:1910:0000% 100
Mitchell StephensC112-1035124:076:0902:37061% 3621
Pavol RegendaLW/RW011-2032020:343:2600:4600% 001
Ryan GagnierC1012023011:260:0000:00029% 701
Sawyer BoultonC/LW/RW0001500010:190:0000:0000% 000
Seamus CaseyD011-3010019:163:5201:0600% 000
Valtteri PuustinenLW/RW022-1016025:126:0922:37050% 200
Will LockwoodRW000-200008:370:1000:0000% 000
Wilmer SkoogC000-202007:450:1000:06050% 800

Laval Rockets

5 vs 5 Forward
Line #Left WingCenterRight WingPHYDFOFWanted %Time %Time Play
1Brett BerardAatu RatyVille Koivunen0234038%17:14
2Matt MartinColin WhiteJoakim Kemell0233028%12:52
3Yegor SokolovJoseph BlandisiWalker Duehr0232022%10:10
4Ondrej PavelJake WiseJesse Ylonen0321012%5:22
5 vs 5 Defense
Line #DefenseDefensePHYDFOFWanted %Time %Time Play
1Brandt ClarkeDerrick Pouliot1224043%19:33
2Oliver KylingtonCalle Rosen1223031%14:14
3Corey SchuenemanCole McWard1222021%9:42
4Corey SchuenemanBrandt Clarke122105%2:09
Power Play Forward
Line #Left WingCenterRight WingPHYDFOFWanted %Time %Time Play
1Brett BerardAatu RatyVille Koivunen1226063%2:47
2Jesse YlonenColin WhiteMatt Martin1224037%1:40
Power Play Defense
Line #DefenseDefensePHYDFOFWanted %Time %Time Play
1Brandt ClarkeDerrick Pouliot1226061%2:43
2Oliver KylingtonCalle Rosen1224039%1:44
Penalty Kill 4 Players Forward
Line #CenterWingPHYDFOFWanted %Time %Time Play
1Colin WhiteJesse Ylonen1226076%7:31
2Aatu RatyBrett Berard1224024%2:24
Penalty Kill 4 Players Defense
Line #DefenseDefensePHYDFOFWanted %Time %Time Play
1Brandt ClarkeDerrick Pouliot1226057%5:38
2Oliver KylingtonCalle Rosen1224043%4:17
Penalty Kill 3 Players
Line #WingPHYDFOFWanted %Time %Time PlayDefenseDefensePHYDFOFWanted %Time %Time Play
1Colin White122600%0:00 Brandt ClarkeDerrick Pouliot122600%0:00
2Aatu Raty122400%0:00 Oliver KylingtonCalle Rosen122400%0:00
4 vs 4 Forward
Line #CenterWingPHYDFOFWanted %Time %Time Play
1Aatu RatyVille Koivunen122600%0:00
2Colin WhiteBrett Berard122400%0:00
4 vs 4 Defense
Line #DefensePHYDFOFWanted %Time %Time Play
1Brandt ClarkeDerrick Pouliot122600%0:00
2Oliver KylingtonCalle Rosen122400%0:00
Last Minutes Offensive
Left WingCenterRight WingDefenseDefense
Ville KoivunenAatu RatyColin WhiteBrandt ClarkeDerrick Pouliot
Last Minutes Defensive
Left WingCenterRight WingDefenseDefense
Brett BerardColin WhiteJesse YlonenBrandt ClarkeDerrick Pouliot
Time
Total ForwardTotal DefenseLast Minutes OffensiveLast Minutes Defensive
60:00 60:00 0:000:00
Extra Forwards
Normal PowerPlayPenalty Kill
Brett Berard, Matt Martin, Joakim KemellBrett Berard, Matt MartinBrett Berard
Extra Defensemen
Normal PowerPlayPenalty Kill
Oliver Kylington, Cole McWard, Brandt ClarkeCole McWard, Brandt ClarkeCole McWard
Penalty Shots
Ville Koivunen, Colin White, Joseph Blandisi, Jake Wise, Brett Berard
Goalie
Jan Bednar, Joel Blomqvist
Scratches
Greg Meireles (Healthy), Cole Clayton (Healthy), Peter DiLiberatore (Healthy), Ty Nelson (Healthy), Joe Arntsen (Healthy)

Chicago Wolves

5 vs 5 Forward
Line #Left WingCenterRight WingPHYDFOFWanted %Time %Time Play
1Valtteri PuustinenMitchell StephensLukas Rousek1224034%15:21
2Ivan MiroshnichenkoJackson CatesPavol Regenda1223025%11:22
3Pavol RegendaWilmer SkoogWill Lockwood1222016%7:29
4Ben SteevesRyan GagnierSawyer Boulton1221025%11:26
5 vs 5 Defense
Line #DefenseDefensePHYDFOFWanted %Time %Time Play
1Jordan HarrisElias Pettersson21224040%18:23
2Seamus CaseyCavan Fitzgerald1223031%14:18
3David ReinbacherDjibril Toure1222018%8:22
4Chad NychukJoe Fleming1221010%4:35
Power Play Forward
Line #Left WingCenterRight WingPHYDFOFWanted %Time %Time Play
1Valtteri PuustinenMitchell StephensLukas Rousek1226064%6:19
2Ivan MiroshnichenkoJackson CatesPavol Regenda1224036%3:36
Power Play Defense
Line #DefenseDefensePHYDFOFWanted %Time %Time Play
1Jordan HarrisElias Pettersson21226061%6:03
2Seamus CaseyCavan Fitzgerald1224039%3:52
Penalty Kill 4 Players Forward
Line #CenterWingPHYDFOFWanted %Time %Time Play
1Mitchell StephensValtteri Puustinen1226075%3:19
2Jackson CatesIvan Miroshnichenko1224025%1:08
Penalty Kill 4 Players Defense
Line #DefenseDefensePHYDFOFWanted %Time %Time Play
1Jordan HarrisElias Pettersson21226075%3:21
2Seamus CaseyCavan Fitzgerald1224025%1:06
Penalty Kill 3 Players
Line #WingPHYDFOFWanted %Time %Time PlayDefenseDefensePHYDFOFWanted %Time %Time Play
1Mitchell Stephens122600%0:00 Jordan HarrisElias Pettersson2122600%0:00
2Jackson Cates122400%0:00 Seamus CaseyCavan Fitzgerald122400%0:00
4 vs 4 Forward
Line #CenterWingPHYDFOFWanted %Time %Time Play
1Mitchell StephensValtteri Puustinen122600%0:00
2Jackson CatesIvan Miroshnichenko122400%0:00
4 vs 4 Defense
Line #DefensePHYDFOFWanted %Time %Time Play
1Jordan HarrisElias Pettersson2122600%0:00
2Seamus CaseyCavan Fitzgerald122400%0:00
Last Minutes Offensive
Left WingCenterRight WingDefenseDefense
Valtteri PuustinenMitchell StephensLukas RousekJordan HarrisElias Pettersson2
Last Minutes Defensive
Left WingCenterRight WingDefenseDefense
Valtteri PuustinenMitchell StephensLukas RousekJordan HarrisElias Pettersson2
Time
Total ForwardTotal DefenseLast Minutes OffensiveLast Minutes Defensive
60:00 60:00 0:000:00
Extra Forwards
Normal PowerPlayPenalty Kill
Pavol Regenda, Jackson Cates, Will LockwoodPavol Regenda, Jackson CatesPavol Regenda
Extra Defensemen
Normal PowerPlayPenalty Kill
Djibril Toure, Chad Nychuk, Joe FlemingDjibril Toure, Djibril ToureChad Nychuk
Penalty Shots
Valtteri Puustinen, Ivan Miroshnichenko, Mitchell Stephens, Lukas Rousek, Pavol Regenda
Goalie
Sebastian Cossa, Drew Commesso
Scratches
None


Play-by-Play

1st period


0:01 of 1st period - Mitchell Stephens wins face-off versus Aatu Raty in neutral zone.
0:12 of 1st period - Minor Penalty to Elias Pettersson2 for Interference.
0:13 of 1st period - Mitchell Stephens wins face-off versus Aatu Raty in Chicago Wolves zone.
2:08 of 1st period - Chad Nychuk is hit by Yegor Sokolov and loses puck.
2:12 of 1st period - Penalty to Elias Pettersson2 is over, Elias Pettersson2 is back on ice.
4:01 of 1st period - Icing by Yegor Sokolov.
4:02 of 1st period - Ryan Gagnier wins face-off versus Joseph Blandisi in Laval Rockets zone.
4:05 of 1st period - Snap shot by Ben Steeves.
4:05 of 1st period - Shot Misses the Net.
4:07 of 1st period - Slapshot by Joe Fleming.
4:07 of 1st period - Stopped by Jan Bednar with a rebound.
4:09 of 1st period - Snap shot by Joe Fleming.
4:09 of 1st period - Deflect By Ben Steeves.
4:09 of 1st period - Shot Hit the Post.
4:09 of 1st period - Puck is out of play.
4:10 of 1st period - Mitchell Stephens wins face-off versus Aatu Raty in Laval Rockets zone.
4:37 of 1st period - Ivan Miroshnichenko is hit by Matt Martin and loses puck.
5:17 of 1st period - Snap shot by Jesse Ylonen.
5:17 of 1st period - Deflect By Ondrej Pavel.
5:17 of 1st period - Shot Misses the Net.
5:17 of 1st period - Puck is out of play.
5:18 of 1st period - Jake Wise wins face-off versus Mitchell Stephens in Chicago Wolves zone.
5:43 of 1st period - Elias Pettersson2 is hit by Matt Martin and loses puck.
6:20 of 1st period - Ryan Gagnier is hit by Derrick Pouliot and loses puck.
6:27 of 1st period - Snap shot by Walker Duehr.
6:27 of 1st period - Stopped by Sebastian Cossa without a rebound.
6:28 of 1st period - Aatu Raty wins face-off versus Jackson Cates in Chicago Wolves zone.
7:28 of 1st period - Yegor Sokolov is hit by Elias Pettersson2 and loses puck.
7:43 of 1st period - Wrist shot by Pavol Regenda.
7:43 of 1st period - Shot Misses the Net.
7:51 of 1st period - Snap shot by Walker Duehr.
7:51 of 1st period - Stopped by Sebastian Cossa with a rebound.
7:53 of 1st period - Slapshot by Yegor Sokolov.
7:53 of 1st period - Goal by Yegor Sokolov - Laval Rockets : 1 - Chicago Wolves : 0.
7:54 of 1st period - Aatu Raty wins face-off versus Mitchell Stephens in neutral zone.
8:19 of 1st period - Seamus Casey is hit by Matt Martin and loses puck.
8:41 of 1st period - Sawyer Boulton and Jake Wise fight to a draw.
8:41 of 1st period - Penalty to Sawyer Boulton for Fighting.
8:41 of 1st period - Penalty to Jake Wise for Fighting.
8:42 of 1st period - Mitchell Stephens wins face-off versus Aatu Raty in Chicago Wolves zone.
9:09 of 1st period - Aatu Raty is hit by Wilmer Skoog and loses puck.
9:40 of 1st period - Snap shot by Ben Steeves.
9:40 of 1st period - Stopped by Jan Bednar with a rebound.
9:42 of 1st period - Slapshot by Jackson Cates.
9:42 of 1st period - Goal by Jackson Cates - Laval Rockets : 1 - Chicago Wolves : 1.
9:43 of 1st period - Colin White wins face-off versus Mitchell Stephens in neutral zone.
9:45 of 1st period - Off-side.
9:46 of 1st period - Colin White wins face-off versus Mitchell Stephens in neutral zone.
9:55 of 1st period - Snap shot by Matt Martin.
9:55 of 1st period - Shot Misses the Net.
9:57 of 1st period - Snap shot by Joakim Kemell.
9:57 of 1st period - Laval Rockets goal is going for a video replay.
9:57 of 1st period - The goal is good.
9:57 of 1st period - Goal by Joakim Kemell - Laval Rockets : 2 - Chicago Wolves : 1.
9:58 of 1st period - Mitchell Stephens wins face-off versus Aatu Raty in neutral zone.
10:09 of 1st period - Snap shot by Mitchell Stephens.
10:09 of 1st period - Goal by Mitchell Stephens - Laval Rockets : 2 - Chicago Wolves : 2.
10:10 of 1st period - Aatu Raty wins face-off versus Jackson Cates in neutral zone.
10:48 of 1st period - Wrist shot by Colin White.
10:48 of 1st period - Shot Misses the Net.
10:50 of 1st period - Snap shot by Colin White.
10:50 of 1st period - Goal by Colin White - Laval Rockets : 3 - Chicago Wolves : 2.
10:51 of 1st period - Jackson Cates wins face-off versus Aatu Raty in neutral zone.
10:54 of 1st period - Wrist shot by Ivan Miroshnichenko.
10:54 of 1st period - Shot Blocked by Aatu Raty.
11:04 of 1st period - Snap shot by Ville Koivunen.
11:04 of 1st period - Goal by Ville Koivunen - Laval Rockets : 4 - Chicago Wolves : 2.
11:04 of 1st period - Drew Commesso enters game.
11:05 of 1st period - Valtteri Puustinen wins face-off versus Colin White in neutral zone.
11:30 of 1st period - Jackson Cates is hit by Calle Rosen and loses puck.
11:39 of 1st period - Snap shot by Yegor Sokolov.
11:39 of 1st period - Stopped by Drew Commesso with a rebound.
12:15 of 1st period - Wrist shot by Ben Steeves.
12:15 of 1st period - Shot Blocked by Colin White.
12:35 of 1st period - Ville Koivunen is hit by Djibril Toure and loses puck.
12:40 of 1st period - Snap shot by Valtteri Puustinen.
12:40 of 1st period - Stopped by Jan Bednar with a rebound.
12:42 of 1st period - Slapshot by Djibril Toure.
12:42 of 1st period - Shot Misses the Net.
12:44 of 1st period - Wrist shot by Mitchell Stephens.
12:44 of 1st period - Deflect By Ville Koivunen.
12:44 of 1st period - Stopped by Jan Bednar with a rebound.
12:46 of 1st period - Wrist shot by Mitchell Stephens.
12:46 of 1st period - Shot Misses the Net.
12:58 of 1st period - Wrist shot by Joseph Blandisi.
12:58 of 1st period - Shot Blocked by Elias Pettersson2.
14:00 of 1st period - Will Lockwood is hit by Walker Duehr.
14:12 of 1st period - Slapshot by Brandt Clarke.
14:12 of 1st period - Shot Blocked by Jackson Cates.
14:30 of 1st period - Joakim Kemell is hit by Valtteri Puustinen and loses puck.
15:07 of 1st period - Walker Duehr is hit by Ben Steeves and loses puck.
15:12 of 1st period - Slapshot by Ben Steeves.
15:12 of 1st period - Shot Blocked by Walker Duehr.
15:14 of 1st period - Slapshot by Joe Fleming.
15:14 of 1st period - Deflect By Ben Steeves.
15:14 of 1st period - Stopped by Jan Bednar with a rebound.
15:16 of 1st period - Slapshot by Ryan Gagnier.
15:16 of 1st period - Stopped by Jan Bednar with a rebound.
15:18 of 1st period - Snap shot by Ryan Gagnier.
15:18 of 1st period - Stopped by Jan Bednar without a rebound.
15:19 of 1st period - Aatu Raty wins face-off versus Jackson Cates in Laval Rockets zone.
15:24 of 1st period - Snap shot by Ivan Miroshnichenko.
15:24 of 1st period - Stopped by Jan Bednar without a rebound.
15:25 of 1st period - Jackson Cates wins face-off versus Aatu Raty in Laval Rockets zone.
16:05 of 1st period - Snap shot by Brett Berard.
16:05 of 1st period - Stopped by Drew Commesso with a rebound.
16:27 of 1st period - Seamus Casey is hit by Joakim Kemell and loses puck.
16:46 of 1st period - Derrick Pouliot is hit by Cavan Fitzgerald and loses puck.
18:18 of 1st period - Jackson Cates is hit by Joseph Blandisi and loses puck.
18:32 of 1st period - Off-side.
18:33 of 1st period - Wilmer Skoog wins face-off versus Colin White in neutral zone.
18:36 of 1st period - Wrist shot by Jackson Cates.
18:36 of 1st period - Stopped by Jan Bednar without a rebound.
18:37 of 1st period - Wilmer Skoog wins face-off versus Colin White in Laval Rockets zone.
19:22 of 1st period - Wrist shot by Joakim Kemell.
19:22 of 1st period - Shot Blocked by Jackson Cates.
19:36 of 1st period - Wrist shot by Colin White.
19:36 of 1st period - Stopped by Drew Commesso with a rebound.
19:38 of 1st period - Snap shot by Joakim Kemell.
19:38 of 1st period - Goal by Joakim Kemell - Laval Rockets : 5 - Chicago Wolves : 2.
19:39 of 1st period - Mitchell Stephens wins face-off versus Aatu Raty in neutral zone.
Goals for this period are 5 for Laval Rockets vs 2 for Chicago Wolves.
Shots for this period are 10 for Laval Rockets vs 11 for Chicago Wolves.

2nd period


0:01 of 2nd period - Mitchell Stephens wins face-off versus Aatu Raty in neutral zone.
0:10 of 2nd period - Wrist shot by Valtteri Puustinen.
0:10 of 2nd period - Shot Blocked by Brandt Clarke.
1:11 of 2nd period - Slapshot by Brandt Clarke.
1:11 of 2nd period - Shot Blocked by Jordan Harris.
1:13 of 2nd period - Slapshot by Brandt Clarke.
1:13 of 2nd period - Shot Blocked by Elias Pettersson2.
1:48 of 2nd period - Icing by Jordan Harris.
1:49 of 2nd period - Colin White wins face-off versus Ryan Gagnier in Chicago Wolves zone.
2:42 of 2nd period - Snap shot by Pavol Regenda.
2:42 of 2nd period - Stopped by Jan Bednar without a rebound.
2:42 of 2nd period - Minor Penalty to Jan Bednar for Delaying the game.
2:43 of 2nd period - Mitchell Stephens wins face-off versus Colin White in Laval Rockets zone.
2:58 of 2nd period - Slapshot by Colin White.
2:58 of 2nd period - Stopped by Drew Commesso with a rebound.
3:20 of 2nd period - Colin White is hit by Pavol Regenda and loses puck.
3:53 of 2nd period - Mitchell Stephens is hit by Joseph Blandisi and loses puck.
4:40 of 2nd period - Elias Pettersson2 is hit by Joseph Blandisi and loses puck.
4:42 of 2nd period - Penalty to Yegor Sokolov is over, Yegor Sokolov is back on ice.
4:53 of 2nd period - Snap shot by Ryan Gagnier.
4:53 of 2nd period - Goal by Ryan Gagnier - Laval Rockets : 5 - Chicago Wolves : 3.
4:54 of 2nd period - Aatu Raty wins face-off versus Wilmer Skoog in neutral zone.
4:56 of 2nd period - Off-side.
4:57 of 2nd period - Wilmer Skoog wins face-off versus Aatu Raty in neutral zone.
5:18 of 2nd period - Minor Penalty to Ville Koivunen for Cross-checking.
5:19 of 2nd period - Mitchell Stephens wins face-off versus Jesse Ylonen in Laval Rockets zone.
5:34 of 2nd period - Snap shot by Valtteri Puustinen.
5:34 of 2nd period - Stopped by Jan Bednar with a rebound.
6:45 of 2nd period - Lukas Rousek is hit by Brett Berard and loses puck.
7:18 of 2nd period - Penalty to Ville Koivunen is over, Ville Koivunen is back on ice.
7:40 of 2nd period - Djibril Toure is hit by Jesse Ylonen and loses puck.
8:56 of 2nd period - Elias Pettersson2 is hit by Ondrej Pavel.
9:47 of 2nd period - Valtteri Puustinen is hit by Joseph Blandisi.
9:51 of 2nd period - Walker Duehr is hit by Jackson Cates and loses puck.
10:01 of 2nd period - Icing by Valtteri Puustinen.
10:02 of 2nd period - Jesse Ylonen wins face-off versus Wilmer Skoog in Chicago Wolves zone.
10:05 of 2nd period - Snap shot by Jesse Ylonen.
10:05 of 2nd period - Stopped by Drew Commesso with a rebound.
10:07 of 2nd period - Slapshot by Jesse Ylonen.
10:07 of 2nd period - Goal by Jesse Ylonen - Laval Rockets : 6 - Chicago Wolves : 3.
10:08 of 2nd period - Jackson Cates wins face-off versus Aatu Raty in neutral zone.
10:19 of 2nd period - Wrist shot by Ivan Miroshnichenko.
10:19 of 2nd period - Goal by Ivan Miroshnichenko - Laval Rockets : 6 - Chicago Wolves : 4.
10:20 of 2nd period - Aatu Raty wins face-off versus Mitchell Stephens in neutral zone.
10:25 of 2nd period - Valtteri Puustinen is hit by Aatu Raty and loses puck.
10:36 of 2nd period - Slapshot by Ville Koivunen.
10:36 of 2nd period - Shot Misses the Net.
10:46 of 2nd period - Snap shot by Matt Martin.
10:46 of 2nd period - Deflect By Joakim Kemell.
10:46 of 2nd period - Deflect By Ivan Miroshnichenko.
10:46 of 2nd period - Stopped by Drew Commesso without a rebound.
10:47 of 2nd period - Ivan Miroshnichenko wins face-off versus Colin White in Chicago Wolves zone.
10:53 of 2nd period - Slapshot by Elias Pettersson2.
10:53 of 2nd period - Stopped by Jan Bednar without a rebound.
10:54 of 2nd period - Mitchell Stephens wins face-off versus Aatu Raty in Laval Rockets zone.
10:58 of 2nd period - Minor Penalty to Ville Koivunen for Cross-checking.
10:59 of 2nd period - Colin White wins face-off versus Mitchell Stephens in Laval Rockets zone.
11:08 of 2nd period - Snap shot by Valtteri Puustinen.
11:08 of 2nd period - Shot Misses the Net.
11:10 of 2nd period - Snap shot by Valtteri Puustinen.
11:10 of 2nd period - Deflect By Mitchell Stephens.
11:10 of 2nd period - Shot Misses the Net.
11:10 of 2nd period - Puck is out of play.
11:11 of 2nd period - Mitchell Stephens wins face-off versus Colin White in Laval Rockets zone.
11:18 of 2nd period - Wrist shot by Mitchell Stephens.
11:18 of 2nd period - Shot Hit the Post.
11:20 of 2nd period - Snap shot by Lukas Rousek.
11:20 of 2nd period - Stopped by Jan Bednar without a rebound.
11:21 of 2nd period - Colin White wins face-off versus Mitchell Stephens in Laval Rockets zone.
11:21 of 2nd period - Colin White is hit by Lukas Rousek.
11:59 of 2nd period - Wrist shot by Mitchell Stephens.
11:59 of 2nd period - Shot Misses the Net.
12:01 of 2nd period - Slapshot by Elias Pettersson2.
12:01 of 2nd period - Deflect By Oliver Kylington.
12:01 of 2nd period - Stopped by Jan Bednar with a rebound.
12:09 of 2nd period - Wrist shot by Valtteri Puustinen.
12:09 of 2nd period - Stopped by Jan Bednar with a rebound.
12:48 of 2nd period - Slapshot by Mitchell Stephens.
12:48 of 2nd period - Shot Misses the Net.
12:50 of 2nd period - Slapshot by Elias Pettersson2.
12:50 of 2nd period - Deflect By Mitchell Stephens.
12:50 of 2nd period - Shot Blocked by Derrick Pouliot.
12:50 of 2nd period - Puck is out of play.
12:51 of 2nd period - Joseph Blandisi wins face-off versus Jackson Cates in Laval Rockets zone.
12:58 of 2nd period - Penalty to Ville Koivunen is over, Ville Koivunen is back on ice.
13:02 of 2nd period - Snap shot by Ivan Miroshnichenko.
13:02 of 2nd period - Shot Blocked by Calle Rosen.
13:08 of 2nd period - Snap shot by Colin White.
13:08 of 2nd period - Shot Blocked by Cavan Fitzgerald.
13:16 of 2nd period - Backhand shot by Jesse Ylonen.
13:16 of 2nd period - Stopped by Drew Commesso without a rebound.
13:17 of 2nd period - Ryan Gagnier wins face-off versus Yegor Sokolov in Chicago Wolves zone.
13:24 of 2nd period - Yegor Sokolov is hit by Ryan Gagnier and loses puck.
13:46 of 2nd period - Brett Berard is hit by Wilmer Skoog and loses puck.
14:07 of 2nd period - Snap shot by Colin White.
14:07 of 2nd period - Shot Misses the Net.
14:09 of 2nd period - Snap shot by Brandt Clarke.
14:09 of 2nd period - Shot Misses the Net.
14:11 of 2nd period - Slapshot by Derrick Pouliot.
14:11 of 2nd period - Deflect By Joakim Kemell.
14:11 of 2nd period - Stopped by Drew Commesso without a rebound.
14:12 of 2nd period - Aatu Raty wins face-off versus Ryan Gagnier in Chicago Wolves zone.
14:15 of 2nd period - Wrist shot by Brett Berard.
14:15 of 2nd period - Shot Misses the Net.
14:39 of 2nd period - Wrist shot by Walker Duehr.
14:39 of 2nd period - Shot Misses the Net.
14:41 of 2nd period - Slapshot by Corey Schueneman.
14:41 of 2nd period - Shot Misses the Net.
14:47 of 2nd period - Wrist shot by Walker Duehr.
14:47 of 2nd period - Shot Misses the Net.
14:49 of 2nd period - Slapshot by Corey Schueneman.
14:49 of 2nd period - Stopped by Drew Commesso without a rebound.
14:50 of 2nd period - Aatu Raty wins face-off versus Valtteri Puustinen in Chicago Wolves zone.
15:15 of 2nd period - Matt Martin is hit by Pavol Regenda and loses puck.
15:36 of 2nd period - Off-side.
15:37 of 2nd period - Joseph Blandisi wins face-off versus Wilmer Skoog in neutral zone.
16:01 of 2nd period - Derrick Pouliot is hit by Mitchell Stephens and loses puck.
16:13 of 2nd period - Brett Berard is hit by Elias Pettersson2 and loses puck.
16:26 of 2nd period - Snap shot by Valtteri Puustinen.
16:26 of 2nd period - Stopped by Jan Bednar without a rebound.
16:27 of 2nd period - Colin White wins face-off versus Ryan Gagnier in Laval Rockets zone.
16:27 of 2nd period - Colin White is hit by Ryan Gagnier.
16:51 of 2nd period - Brandt Clarke is hit by Seamus Casey and loses puck.
17:02 of 2nd period - Wrist shot by Matt Martin.
17:02 of 2nd period - Shot Misses the Net.
17:04 of 2nd period - Slapshot by Oliver Kylington.
17:04 of 2nd period - Deflect By Joakim Kemell.
17:04 of 2nd period - Stopped by Drew Commesso without a rebound.
17:05 of 2nd period - Mitchell Stephens wins face-off versus Aatu Raty in Chicago Wolves zone.
17:05 of 2nd period - Mitchell Stephens is hit by Brandt Clarke.
17:34 of 2nd period - Off-side.
17:35 of 2nd period - Jackson Cates wins face-off versus Joseph Blandisi in neutral zone.
17:38 of 2nd period - Snap shot by Ivan Miroshnichenko.
17:38 of 2nd period - Stopped by Jan Bednar with a rebound.
17:47 of 2nd period - Off-side.
17:48 of 2nd period - Aatu Raty wins face-off versus Mitchell Stephens in neutral zone.
17:51 of 2nd period - Slapshot by Derrick Pouliot.
17:51 of 2nd period - Shot Misses the Net.
17:53 of 2nd period - Snap shot by Ville Koivunen.
17:53 of 2nd period - Stopped by Drew Commesso with a rebound.
17:55 of 2nd period - Slapshot by Derrick Pouliot.
17:55 of 2nd period - Stopped by Drew Commesso with a rebound.
17:57 of 2nd period - Slapshot by Brandt Clarke.
17:57 of 2nd period - Shot Misses the Net.
17:59 of 2nd period - Snap shot by Brett Berard.
17:59 of 2nd period - Shot Blocked by Jordan Harris.
18:01 of 2nd period - Slapshot by Brandt Clarke.
18:01 of 2nd period - Deflect By Ville Koivunen.
18:01 of 2nd period - Shot Misses the Net.
18:01 of 2nd period - Puck is out of play.
18:02 of 2nd period - Mitchell Stephens wins face-off versus Colin White in Chicago Wolves zone.
18:11 of 2nd period - Slapshot by Lukas Rousek.
18:11 of 2nd period - Stopped by Jan Bednar without a rebound.
18:12 of 2nd period - Colin White wins face-off versus Lukas Rousek in Laval Rockets zone.
18:23 of 2nd period - Backhand shot by Colin White.
18:23 of 2nd period - Stopped by Drew Commesso without a rebound.
18:24 of 2nd period - Aatu Raty wins face-off versus Mitchell Stephens in Chicago Wolves zone.
18:50 of 2nd period - Icing by Colin White.
18:51 of 2nd period - Jackson Cates wins face-off versus Colin White in Laval Rockets zone.
18:54 of 2nd period - Wrist shot by Pavol Regenda.
18:54 of 2nd period - Stopped by Jan Bednar with a rebound.
19:18 of 2nd period - Ville Koivunen is hit by Mitchell Stephens and loses puck.
19:32 of 2nd period - Icing by Valtteri Puustinen.
19:33 of 2nd period - Yegor Sokolov wins face-off versus Ryan Gagnier in Chicago Wolves zone.
19:46 of 2nd period - Wrist shot by Joseph Blandisi.
19:46 of 2nd period - Shot Misses the Net.
19:48 of 2nd period - Wrist shot by Walker Duehr.
19:48 of 2nd period - Goal by Walker Duehr - Laval Rockets : 7 - Chicago Wolves : 4.
19:49 of 2nd period - Mitchell Stephens wins face-off versus Aatu Raty in neutral zone.
19:58 of 2nd period - Wrist shot by Aatu Raty.
19:58 of 2nd period - Stopped by Drew Commesso with a rebound.
Goals for this period are 2 for Laval Rockets vs 2 for Chicago Wolves.
Shots for this period are 13 for Laval Rockets vs 12 for Chicago Wolves.

3rd period


0:01 of 3rd period - Mitchell Stephens wins face-off versus Brett Berard in neutral zone.
0:06 of 3rd period - Slapshot by Elias Pettersson2.
0:06 of 3rd period - Stopped by Jan Bednar with a rebound.
0:26 of 3rd period - Joakim Kemell is hit by Ivan Miroshnichenko and loses puck.
0:49 of 3rd period - Slapshot by Ben Steeves.
0:49 of 3rd period - Goal by Ben Steeves - Laval Rockets : 7 - Chicago Wolves : 5.
0:50 of 3rd period - Mitchell Stephens wins face-off versus Aatu Raty in neutral zone.
0:57 of 3rd period - Wrist shot by Mitchell Stephens.
0:57 of 3rd period - Stopped by Jan Bednar with a rebound.
2:00 of 3rd period - Cavan Fitzgerald is hit by Ondrej Pavel and loses puck.
3:47 of 3rd period - Snap shot by Jackson Cates.
3:47 of 3rd period - Shot Blocked by Joakim Kemell.
4:03 of 3rd period - Mitchell Stephens is hit by Joseph Blandisi and loses puck.
4:10 of 3rd period - Wrist shot by Joseph Blandisi.
4:10 of 3rd period - Deflect By Yegor Sokolov.
4:10 of 3rd period - Stopped by Drew Commesso with a rebound.
4:12 of 3rd period - Slapshot by Oliver Kylington.
4:12 of 3rd period - Shot Misses the Net.
4:14 of 3rd period - Snap shot by Yegor Sokolov.
4:14 of 3rd period - Stopped by Drew Commesso without a rebound.
4:15 of 3rd period - Aatu Raty wins face-off versus Ryan Gagnier in Chicago Wolves zone.
4:36 of 3rd period - Minor Penalty to Elias Pettersson2 for Hooking.
4:37 of 3rd period - Aatu Raty wins face-off versus Mitchell Stephens in Chicago Wolves zone.
6:36 of 3rd period - Penalty to Elias Pettersson2 is over, Elias Pettersson2 is back on ice.
7:03 of 3rd period - Wrist shot by Jake Wise.
7:03 of 3rd period - Stopped by Drew Commesso with a rebound.
7:32 of 3rd period - Joseph Blandisi is hit by Pavol Regenda and loses puck.
8:50 of 3rd period - Minor Penalty to Joe Fleming for Slashing.
8:51 of 3rd period - Mitchell Stephens wins face-off versus Aatu Raty in Chicago Wolves zone.
8:51 of 3rd period - Mitchell Stephens is hit by Aatu Raty.
9:01 of 3rd period - Wrist shot by Oliver Kylington.
9:01 of 3rd period - Shot Blocked by Elias Pettersson2.
9:03 of 3rd period - Slapshot by Calle Rosen.
9:03 of 3rd period - Stopped by Drew Commesso without a rebound.
9:04 of 3rd period - Mitchell Stephens wins face-off versus Aatu Raty in Chicago Wolves zone.
9:09 of 3rd period - Wrist shot by Elias Pettersson2.
9:09 of 3rd period - Stopped by Jan Bednar with a rebound.
9:17 of 3rd period - Slapshot by Brandt Clarke.
9:17 of 3rd period - Deflect By Valtteri Puustinen.
9:17 of 3rd period - Stopped by Drew Commesso with a rebound.
9:19 of 3rd period - Snap shot by Brett Berard.
9:19 of 3rd period - Goal by Brett Berard - Laval Rockets : 8 - Chicago Wolves : 5.
9:20 of 3rd period - Aatu Raty wins face-off versus Mitchell Stephens in neutral zone.
9:44 of 3rd period - Minor Penalty to Ville Koivunen for Holding.
9:45 of 3rd period - Colin White wins face-off versus Mitchell Stephens in Laval Rockets zone.
11:14 of 3rd period - Jordan Harris is hit by Joseph Blandisi and loses puck.
11:44 of 3rd period - Penalty to Ville Koivunen is over, Ville Koivunen is back on ice.
11:57 of 3rd period - Wrist shot by Ben Steeves.
11:57 of 3rd period - Shot Blocked by Matt Martin.
12:19 of 3rd period - Off-side.
12:20 of 3rd period - Wilmer Skoog wins face-off versus Yegor Sokolov in neutral zone.
12:23 of 3rd period - Wrist shot by Valtteri Puustinen.
12:23 of 3rd period - Shot Misses the Net.
12:29 of 3rd period - Slapshot by Derrick Pouliot.
12:29 of 3rd period - Stopped by Drew Commesso with a rebound.
13:21 of 3rd period - Snap shot by Colin White.
13:21 of 3rd period - Goal by Colin White - Laval Rockets : 9 - Chicago Wolves : 5.
13:22 of 3rd period - Mitchell Stephens wins face-off versus Aatu Raty in neutral zone.
13:30 of 3rd period - Snap shot by Mitchell Stephens.
13:30 of 3rd period - Stopped by Jan Bednar without a rebound.
13:31 of 3rd period - Mitchell Stephens wins face-off versus Aatu Raty in Laval Rockets zone.
13:32 of 3rd period - Slapshot by Valtteri Puustinen.
13:32 of 3rd period - Stopped by Jan Bednar with a rebound.
13:34 of 3rd period - Slapshot by Valtteri Puustinen.
13:34 of 3rd period - Shot Blocked by Brandt Clarke.
13:36 of 3rd period - Slapshot by Valtteri Puustinen.
13:36 of 3rd period - Shot Blocked by Derrick Pouliot.
13:38 of 3rd period - Snap shot by Valtteri Puustinen.
13:38 of 3rd period - Shot Blocked by Brandt Clarke.
13:48 of 3rd period - Snap shot by Valtteri Puustinen.
13:48 of 3rd period - Shot Blocked by Brandt Clarke.
13:50 of 3rd period - Wrist shot by Lukas Rousek.
13:50 of 3rd period - Deflect By Mitchell Stephens.
13:50 of 3rd period - Stopped by Jan Bednar without a rebound.
13:51 of 3rd period - Jackson Cates wins face-off versus Colin White in Laval Rockets zone.
14:05 of 3rd period - Icing by Oliver Kylington.
14:06 of 3rd period - Mitchell Stephens wins face-off versus Colin White in Laval Rockets zone.
14:13 of 3rd period - Snap shot by Valtteri Puustinen.
14:13 of 3rd period - Shot Hit the Post.
14:15 of 3rd period - Wrist shot by Lukas Rousek.
14:15 of 3rd period - Stopped by Jan Bednar with a rebound.
14:17 of 3rd period - Snap shot by Valtteri Puustinen.
14:17 of 3rd period - Stopped by Jan Bednar without a rebound.
14:18 of 3rd period - Mitchell Stephens wins face-off versus Aatu Raty in Laval Rockets zone.
14:19 of 3rd period - Wrist shot by Valtteri Puustinen.
14:19 of 3rd period - Shot Blocked by Brandt Clarke.
14:43 of 3rd period - Jackson Cates is hit by Joakim Kemell.
15:19 of 3rd period - Icing by Ryan Gagnier.
15:20 of 3rd period - Ben Steeves wins face-off versus Jake Wise in Chicago Wolves zone.
15:20 of 3rd period - Elias Pettersson2 and Corey Schueneman fight to a draw.
15:20 of 3rd period - Penalty to Elias Pettersson2 for Fighting.
15:20 of 3rd period - Penalty to Corey Schueneman for Fighting.
15:21 of 3rd period - Aatu Raty wins face-off versus Mitchell Stephens in Chicago Wolves zone.
15:46 of 3rd period - Seamus Casey is hit by Brandt Clarke and loses puck.
16:34 of 3rd period - Snap shot by Jesse Ylonen.
16:34 of 3rd period - Shot Blocked by Chad Nychuk.
16:36 of 3rd period - Slapshot by Jake Wise.
16:36 of 3rd period - Shot Misses the Net.
16:38 of 3rd period - Snap shot by Jake Wise.
16:38 of 3rd period - Stopped by Drew Commesso without a rebound.
16:39 of 3rd period - Aatu Raty wins face-off versus Jackson Cates in Chicago Wolves zone.
16:50 of 3rd period - Slapshot by Pavol Regenda.
16:50 of 3rd period - Shot Misses the Net.
16:52 of 3rd period - Snap shot by Jackson Cates.
16:52 of 3rd period - Stopped by Jan Bednar with a rebound.
17:00 of 3rd period - Minor Penalty to Ville Koivunen for Cross-checking.
17:01 of 3rd period - Colin White wins face-off versus Mitchell Stephens in Laval Rockets zone.
18:06 of 3rd period - Derrick Pouliot is hit by Mitchell Stephens and loses puck.
18:53 of 3rd period - Slapshot by Joseph Blandisi.
18:53 of 3rd period - Shot Blocked by Mitchell Stephens.
19:00 of 3rd period - Penalty to Ville Koivunen is over, Ville Koivunen is back on ice.
19:13 of 3rd period - Snap shot by Mitchell Stephens.
19:13 of 3rd period - Shot Misses the Net.
19:15 of 3rd period - Slapshot by Lukas Rousek.
19:15 of 3rd period - Goal by Lukas Rousek - Laval Rockets : 9 - Chicago Wolves : 6.
19:16 of 3rd period - Aatu Raty wins face-off versus Jackson Cates in neutral zone.
19:22 of 3rd period - Cavan Fitzgerald is hit by Ville Koivunen and loses puck.
19:31 of 3rd period - Wrist shot by Aatu Raty.
19:31 of 3rd period - Deflect By Brett Berard.
19:31 of 3rd period - Stopped by Drew Commesso without a rebound.
19:32 of 3rd period - Colin White wins face-off versus Wilmer Skoog in Chicago Wolves zone.
Goals for this period are 2 for Laval Rockets vs 2 for Chicago Wolves.
Shots for this period are 10 for Laval Rockets vs 11 for Chicago Wolves.